Map: 資料C

Players

Rex - Winner!

  • Race: Zerg Zerg
  • League: Master
  • Spawn Location: 9:00

Kelazhur

  • Race: Terran Terran
  • League: Master
  • Spawn Location: 3:00

Event: HomeStory Cup XXII

VOD

Have the link to the VOD?

Description

Time

  • Played on: Dec. 16, 2022, 11:43 a.m.
  • Length: 16:49

All games in this series

Show
View Real Time Build Order
Export as new Build Order

Rex Zerg - Winner!

Build Orders: Hatch First 

Get SALT Encoding   

  12  0:00  Drone  
  13  0:12  Overlord  
  13  0:16  Drone  
  14  0:30  Drone x2  
  16  0:48  Hatchery  
  15  0:51  Drone  
  15  0:54  Drone  
  17  0:58  Drone  
  18  1:08  Extractor  
  17  1:14  Spawning Pool  
  17  1:17  Drone  
  17  1:20  Drone  
  18  1:27  Drone  
  19  1:38  Drone  
  20  1:49  Drone  
  21  2:00  Queen  
  21  2:01  Zergling x2, Queen  
  23  2:02  Zergling x2  
  27  2:15  Hatchery  
  27  2:19  Overlord  
  26  2:23  Drone  
  26  2:26  Drone  
  28  2:38  Queen  
  28  2:41  Drone x3  
  33  2:47  Metabolic Boost  
  33  2:50  Overlord  
  33  2:53  Drone  
  33  2:56  Drone  
  33  2:58  Drone  
  36  3:05  Overlord  
  36  3:09  Queen  
  38  3:18  Drone x4  
  41  3:20  Drone  
  41  3:24  Queen  
  41  3:27  Drone  
  45  3:30  Drone x2  
  47  3:38  Zergling x2  
  47  3:39  Zergling x2  
  49  3:42  Drone x4  
  52  3:49  Drone x2  
  52  3:51  Queen  
  52  3:54  Drone x2  
  58  4:03  Overlord  
  58  4:05  Overlord  
  58  4:11  Overlord  
  58  4:17  Overlord  
  58  4:19  Overlord  
  58  4:21  Queen  
  58  4:22  Overlord  
  60  4:24  Drone  
  60  4:29  Zergling x4  
  63  4:31  Drone x6  
  63  4:35  Lair  
  63  4:37  Drone x2  
  70  4:39  Drone x2  
  70  4:40  Drone  
  73  4:45  Drone x3  
  73  4:50  Extractor  
  73  4:51  Drone  
  73  4:52  Roach Warren, Extractor  
  74  4:53  Extractor  
  74  4:56  Spore Crawler  
  74  4:58  Spore Crawler  
  71  5:01  Spore Crawler  
  71  5:02  Drone  
  71  5:04  Drone x4  
  71  5:06  Drone  
  76  5:08  Drone  
  76  5:13  Drone x2  
  79  5:15  Drone x2  
  81  5:21  Zergling x10  
  81  5:25  Queen  
  81  5:27  Extractor  
  85  5:28  Extractor  
  85  5:30  Evolution Chamber x2  
  85  5:31  Drone x2  
  85  5:33  Drone  
  85  5:34  Drone  
  85  5:35  Drone  
  87  5:37  Overseer  
  87  5:38  Glial Reconstitution  
  87  5:40  Drone x3  
  90  5:46  Drone  
  90  5:57  Hatchery, Overlord x2  
  90  6:00  Overlord  
  90  6:04  Hatchery  
  90  6:07  Overlord  
  86  6:11  Zerg Ground Armor Level 1, Drone, Zerg Missile Weapons Level 1  
  86  6:12  Drone  
  86  6:16  Drone  
  89  6:18  Overlord  
  89  6:21  Overlord  
  89  6:36  Zergling x2, Roach x9  
  108  6:42  Zergling x2, Roach  
  108  6:43  Roach x2  
  108  6:46  Roach  
  117  6:48  Roach  
  117  6:49  Roach  
  117  6:51  Zergling x2, Roach  
  117  6:53  Roach  
  126  6:55  Roach  
  126  6:58  Roach  
  126  7:00  Overlord  
  130  7:03  Overlord  
  130  7:05  Overlord  
  130  7:06  Overlord x2  
  130  7:15  Overlord x4  
  130  7:16  Overlord  
  126  7:26  Roach x5  
  126  7:27  Roach  
  132  7:31  Roach  
  132  7:32  Zergling x2, Roach  
  132  7:36  Roach  
  135  7:38  Roach x3  
  141  7:47  Roach x4  
  149  7:51  Roach  
  151  7:59  Roach  
  151  8:00  Roach x6  
  151  8:01  Ravager x2  
  167  8:05  Overseer  
  167  8:07  Ravager  
  167  8:08  Ravager x4  
  167  8:09  Roach x2  
  167  8:12  Roach x2  
  180  8:17  Roach x2  
  186  8:20  Roach x2  
  176  8:34  Roach x6  
  188  8:36  Ravager  
  189  8:44  Roach x4  
  198  8:48  Roach x2  
  198  8:53  Roach x3  
  189  8:58  Roach x3  
  189  9:01  Roach  
  177  9:07  Roach x3  
  179  9:13  Roach x4  
  179  9:14  Ravager  
  179  9:16  Ravager  
  171  9:24  Roach x6  
  171  9:26  Roach  
  164  9:34  Roach x5  
  172  9:43  Roach x5  
  174  9:47  Roach x2  
  174  9:51  Ravager, Extractor  
  180  9:53  Zergling x2, Roach  
  159  10:03  Roach x5  
  145  10:08  Roach x4  
  145  10:13  Zergling x4, Roach x2  
  149  10:18  Ravager  
  149  10:19  Zergling x8  
  154  10:21  Drone x2  
  154  10:28  Overseer  
  146  10:30  Ravager x2  
  146  10:31  Drone x5  
  146  10:34  Zergling x4  
  155  10:42  Roach x4  
  131  10:50  Zerg Ground Armor Level 2  
  131  10:52  Zergling x6  
  134  11:00  Drone  
  134  11:01  Drone x5  
  134  11:02  Extractor  
  139  11:06  Ravager x3  
  139  11:10  Ravager  
  139  11:11  Zergling x10  
  148  11:14  Extractor  
  148  11:15  Roach  
  148  11:16  Roach  
  151  11:22  Zergling x2, Roach x3  
  151  11:23  Zergling x2  
  154  11:29  Infestation Pit  
  154  11:30  Baneling Nest, Drone x2  
  136  11:33  Drone  
  136  11:34  Drone  
  136  11:37  Drone x4  
  136  11:38  Drone  
  143  11:49  Zerg Melee Weapons Level 1  
  143  11:50  Zergling x6  
  143  11:54  Drone x2, Hatchery  
  147  12:00  Spore Crawler  
  147  12:01  Zergling x10  
  151  12:03  Drone  
  151  12:04  Drone  
  153  12:08  Drone  
  153  12:09  Drone  
  153  12:11  Pneumatized Carapace  
  154  12:16  Zergling x12  
  154  12:17  Zergling x2  
  154  12:19  Centrifugal Hooks  
  161  12:28  Hive  
  161  12:34  Zergling x8  
  161  12:35  Zergling x8  
  161  12:36  Baneling  
  161  12:37  Baneling x3  
  169  12:39  Spore Crawler  
  164  12:49  Drone x9  
  172  12:55  Zergling x10  
  172  12:56  Zergling x6  
  177  13:03  Zergling x12  
  182  13:07  Baneling x3  
  182  13:08  Baneling x7  
  182  13:09  Baneling x2  
  182  13:17  Zergling x16  
  190  13:25  Zergling x16  
  193  13:43  Drone  
  193  13:44  Drone x6  
  190  13:50  Spore Crawler, Adrenal Glands  
  190  13:51  Viper x3  
  190  13:52  Spire  
  196  13:56  Ultralisk Cavern  
  189  14:15  Hatchery  
  183  14:30  Zerg Melee Weapons Level 2  
  183  14:32  Zergling x30  
  183  14:34  Baneling x8  
  183  14:35  Ravager x2  
  186  14:53  Zergling x6  
  186  14:54  Zergling x12  
  186  14:55  Chitinous Plating  
  193  15:01  Zergling x4  
  193  15:03  Baneling x9  
  193  15:06  Zergling x10  
  194  15:17  Zergling x2  
  194  15:18  Zergling x14  
  172  15:23  Zergling x2  
  156  15:29  Ultralisk  
  156  15:30  Ultralisk x2  
  156  15:31  Baneling  
  156  15:32  Baneling x5  
  156  15:33  Baneling x3  
  156  15:34  Viper  
  177  15:36  Viper  
  180  15:43  Ravager  
  180  15:45  Zergling x16  
  189  15:50  Zergling x2  
  189  15:51  Zergling x8  
  191  15:57  Hatchery  
  191  16:01  Baneling x2  
  191  16:02  Baneling x4  
  190  16:05  Zergling x2, Drone  
  190  16:06  Zergling x8  
  183  16:12  Zergling x2  
  183  16:13  Zergling x12  
  176  16:19  Zergling x14  
  172  16:26  Zergling x8  
Show
View Real Time Build Order
Export as new Build Order

Kelazhur Terran 

Build Orders: Reaper Expand 

Get SALT Encoding   

  12  0:00  SCV  
  13  0:12  SCV  
  14  0:17  Supply Depot  
  14  0:24  SCV  
  15  0:38  SCV  
  15  0:39  Barracks  
  16  0:43  Refinery  
  16  0:50  SCV  
  17  1:02  SCV  
  18  1:14  SCV  
  19  1:27  Reaper, Orbital Command  
  20  1:39  Command Center  
  20  1:47  Supply Depot  
  20  1:52  SCV  
  21  1:59  Marine  
  22  2:05  Factory  
  22  2:08  SCV  
  23  2:20  SCV  
  23  2:21  Barracks Reactor  
  24  2:32  SCV  
  25  2:43  Command Center  
  25  2:44  SCV  
  26  2:52  Orbital Command  
  26  2:56  SCV  
  27  3:03  Starport  
  27  3:07  Hellion  
  27  3:10  SCV  
  30  3:16  Hellion  
  33  3:20  SCV  
  33  3:22  SCV  
  33  3:25  Barracks Tech Lab  
  34  3:28  Refinery  
  34  3:31  Hellion  
  34  3:32  SCV  
  37  3:34  SCV  
  37  3:40  Hellion  
  40  3:44  SCV  
  40  3:47  SCV  
  42  3:49  Viking  
  44  3:56  SCV  
  44  3:57  Hellion  
  44  4:00  SCV, Orbital Command  
  44  4:01  Hellion  
  50  4:08  SCV  
  51  4:12  SCV  
  51  4:14  Supply Depot  
  52  4:17  Marine  
  52  4:19  Liberator  
  52  4:20  SCV  
  52  4:21  Supply Depot  
  57  4:24  SCV, Hellion  
  57  4:28  SCV  
  61  4:36  SCV  
  61  4:37  SCV  
  65  4:40  SCV  
  66  4:46  Supply Depot, Stimpack, Marine  
  66  4:52  SCV  
  66  4:53  Barracks x2  
  66  4:55  SCV  
  66  4:56  Engineering Bay x2, SCV  
  66  4:58  Factory Reactor  
  68  5:02  Starport Reactor  
  68  5:04  SCV, Marine  
  70  5:09  SCV, Refinery x2  
  72  5:15  Orbital Command  
  71  5:22  SCV  
  71  5:23  Barracks  
  71  5:24  Barracks  
  71  5:25  Marine  
  71  5:28  Terran Infantry Armor Level 1, Terran Infantry Weapons Level 1  
  73  5:30  SCV  
  73  5:34  SCV  
  75  5:36  Supply Depot  
  75  5:40  Supply Depot  
  75  5:43  SCV, Marine  
  75  5:48  Marine x2  
  75  5:49  SCV  
  80  5:51  Factory Tech Lab  
  80  5:52  SCV, Marine  
  80  5:53  Marine  
  80  5:55  Medivac  
  85  5:57  Medivac  
  85  6:00  SCV  
  85  6:01  SCV  
  87  6:05  Marine  
  87  6:06  SCV, Marine  
  87  6:10  Siege Tank, Marine  
  92  6:13  SCV  
  92  6:17  SCV, Marine x2  
  92  6:18  Barracks Reactor  
  92  6:20  Barracks Reactor  
  92  6:22  SCV  
  93  6:26  Marine  
  93  6:27  Supply Depot  
  93  6:30  Combat Shield  
  94  6:34  SCV x3  
  94  6:39  Supply Depot  
  97  6:40  Marine x3  
  97  6:46  SCV  
  101  6:50  Marine x2  
  101  6:52  SCV x2  
  101  6:53  Armory  
  105  6:55  Marine x3  
  105  6:56  Marine  
  109  7:06  Medivac x2, Marine  
  114  7:08  SCV  
  114  7:11  SCV  
  114  7:14  Marine  
  117  7:17  Marine  
  117  7:18  SCV  
  114  7:23  Marine  
  114  7:24  SCV x2  
  115  7:30  SCV  
  115  7:32  Marine  
  115  7:33  Marine x2  
  115  7:34  Marine  
  117  7:39  Terran Infantry Weapons Level 2, Marine  
  117  7:45  Supply Depot, Terran Infantry Armor Level 2  
  117  7:46  Supply Depot  
  117  7:47  Supply Depot, SCV, Medivac x2, Marine x3  
  125  8:06  Marine x3  
  125  8:07  SCV x2, Siege Tank  
  125  8:08  SCV  
  134  8:13  Marine x3  
  134  8:16  Factory  
  137  8:22  Medivac x2  
  123  8:29  Marine x6  
  123  8:31  Marine x3  
  129  8:41  Siege Tank  
  129  8:47  Marine x4  
  129  8:48  Marine  
  132  8:53  SCV x3, Marine  
  132  8:54  Marine  
  117  8:59  Marine  
  117  9:00  Factory Tech Lab  
  106  9:05  SCV x2  
  107  9:13  Siege Tank, Marine x4  
  107  9:14  Orbital Command  
  112  9:17  SCV x2  
  112  9:22  Siege Tank  
  112  9:24  Marine  
  101  9:27  Marine  
  101  9:29  SCV x2  
  89  9:33  Marine x7  
  93  9:41  SCV x2  
  93  9:42  Marine  
  93  9:45  Siege Tank, Marine  
  82  9:51  Marine x4, Orbital Command  
  66  10:01  Siege Tank, Marine  
  66  10:03  Marine x2  
  66  10:04  Marine x2  
  63  10:09  Marine x4  
  62  10:19  Marine  
  62  10:21  Marine  
  66  10:29  Marine x2  
  66  10:31  Marine  
  66  10:33  SCV, Siege Tank  
  66  10:35  SCV, Siege Tank  
  74  10:36  SCV  
  74  10:42  Marine  
  65  10:46  Marine  
  65  10:47  Marine x2  
  65  10:48  Marine x4  
  67  10:53  Marine  
  68  10:58  SCV x3  
  68  11:00  Marine  
  72  11:04  Marine  
  72  11:05  Marine x2  
  75  11:13  Supply Depot  
  75  11:22  Supply Depot  
  75  11:23  Marine  
  76  11:27  Siege Tank x2  
  82  11:35  Marine x7  
  82  11:39  Orbital Command  
  89  11:43  Marine x2  
  89  11:46  SCV x2  
  93  11:47  Supply Depot  
  93  11:52  Marine  
  93  11:53  Marine x2  
  96  11:59  Siege Tank  
  96  12:00  Marine  
  100  12:02  SCV  
  100  12:04  Supply Depot  
  100  12:06  Supply Depot  
  101  12:08  SCV  
  101  12:11  Supply Depot, SCV  
  101  12:14  SCV  
  104  12:17  Marine  
  104  12:19  Marine  
  104  12:20  Marine  
  107  12:25  SCV  
  107  12:26  Siege Tank  
  107  12:27  Marine x2  
  113  12:33  Medivac  
  113  12:34  SCV  
  113  12:35  SCV  
  113  12:36  Marine  
  118  12:38  SCV  
  118  12:45  Siege Tank  
  118  12:46  Marine x4  
  118  12:50  Marine  
  118  12:51  SCV  
  127  12:56  Supply Depot, SCV  
  128  13:01  Siege Tank  
  128  13:02  SCV, Marine  
  133  13:10  Supply Depot  
  133  13:16  Supply Depot  
  133  13:17  Marine x3  
  133  13:18  SCV  
  137  13:22  Siege Tank  
  137  13:25  Marine  
  141  13:28  Supply Depot  
  141  13:32  Marine x4  
  145  13:43  Marine x3  
  148  13:49  Siege Tank  
  148  13:50  Marine x5  
  148  13:52  Terran Infantry Weapons Level 3  
  148  13:54  Marine  
  157  13:59  Supply Depot  
  157  14:02  Marine x3  
  160  14:18  Siege Tank, Marine x2  
  160  14:21  Supply Depot, Marine x4  
  158  14:27  Marine  
  159  14:36  Medivac x2  
  163  14:40  Siege Tank  
  163  14:43  Marine  
  163  14:44  Command Center  
  161  15:01  Marine x2  
  161  15:03  Siege Tank  
  161  15:06  Medivac x2  
  168  15:13  Siege Tank  
  102  15:28  Marine x6  
  108  15:35  Siege Tank, Marine  
  108  15:37  Marine  
  108  15:40  Liberator x2  
  119  15:45  Refinery, SCV x3  
  119  15:46  Refinery  
  122  15:52  Marine  
  122  15:53  Marine x3  
  126  15:57  Orbital Command  
  126  15:59  SCV x2  
  129  16:06  Siege Tank  
  120  16:13  Marine  
  115  16:21  SCV x2  
Tags
 
Add a new tag
Caveats
  • Supply blocks, unpowered buildings, or Contaminate may cause inaccurate times.
  • Supply counts are checked every 10 seconds.